 Dungeon Crawl Stone Soup version 0.22.1-2-g9c5b331 (webtiles) character file.

35 diana the Sneak (level 3, 0/18 HPs)
             Began as a Vine Stalker Enchanter on Dec 30, 2018.
             Succumbed to an adder's poison
             ... on level 2 of the Dungeon.
             The game lasted 00:01:16 (861 turns).

diana the Sneak (Vine Stalker Enchanter)             Turns: 861, Time: 00:01:17

Health: 0/18       AC:  2    Str: 10    XL:     3   Next: 35%
Magic:  5/7        EV: 12    Int: 15    God:
Gold:   49         SH:  0    Dex: 15    Spells: 5/6 levels left

rFire    . . .     SeeInvis .   f - +0 short sword
rCold    . . .     Gourm    .   (no shield)
rNeg     . . .     Faith    .   b - +0 robe
rPois    .         Spirit   +   (no helmet)
rElec    .         Reflect  .   (no cloak)
rCorr    .         Harm     .   (no gloves)
MR       .....                  (no boots)
Stlth    +++.......             (no amulet)
HPRegen  0.06/turn              (no ring)
MPRegen  0.10/turn              (no ring)

@: lethally poisoned (0 -> -10)
A: fangs 2, magic shield, antimagic bite, no potion heal 3, rot immunity
a: no special abilities


You were on level 2 of the Dungeon.
You were not hungry.

You visited 1 branch of the dungeon, and saw 2 of its levels.

You collected 49 gold pieces.

Inventory:

Hand Weapons
 a - a +1 dagger
 f - a +0 short sword (weapon)
Armour
 b - a +0 robe (worn)
Scrolls
 c - 3 scrolls of remove curse {unknown}
 e - 2 scrolls of identify {unknown}
 h - a scroll of magic mapping {unknown}
Comestibles
 d - 2 rations


   Skills:
 * Level 1.0 Fighting
 * Level 1.4 Short Blades
 * Level 0.8 Armour
 * Level 2.0 Dodging
 + Level 3.9 Stealth
 - Level 2.1 Spellcasting
 - Level 3.0 Hexes


You had 5 spell levels left.
You knew the following spells:

 Your Spells              Type           Power        Failure   Level  Hunger
a - Corona                Hex            ##.....      6%          1    #......

Your spell library contained the following spells:

 Spells                   Type           Power        Failure   Level  Hunger
 Ensorcelled Hibernation  Hex/Ice        #.....       19%         2    ###....
 Confuse                  Hex            ##......     19%         3    ###....
 Tukima's Dance           Hex            ##......     19%         3    ###....
 Dazzling Spray           Conj/Hex       #.....       34%         3    ###....


Dungeon Overview and Level Annotations

Branches:
Dungeon (2/15)

Altars:


Innate Abilities, Weirdness & Mutations

You have extremely sharp teeth.
When hurt, damage is shared between your health and your magic reserves.
Your bite disrupts and absorbs the magic of your enemies.
Potions cannot restore your health.
You are immune to rotting.


Message History

The adder is almost dead.
* * * LOW HITPOINT WARNING * * *
You feel sick. The adder closely misses you.
You hit the adder.
You kill the adder!
Your Dodging skill increases to level 2!
* * * LOW HITPOINT WARNING * * *
You feel sick.
Unknown command.
It was a potion of heal wounds.
That seemed strangely inert.
* * * LOW HITPOINT WARNING * * *
You feel sick.
d - 2 rations (gained 1)
* * * LOW HITPOINT WARNING * * *
You feel sick.
* * * LOW HITPOINT WARNING * * *
You feel sick.
* * * LOW HITPOINT WARNING * * *
You feel sick.
You die...

.............#####.# #.....
..........##.......###.....
.........................>.
......###...........#.##.#..
.........†..........#.##....
.........................##.
..........(........####..##.
.........#......... #..##.
.......###.@..#.##. #..##.
.........?....####. ......
##.#.........# #######
#.#....#....# #......+?...#
##.....#.##.# #.......# ..#
#.....### #.# #.##### ..


There were no monsters in sight!

Vanquished Creatures
  An adder (D:2)
  2 dart slugs (D:1)
  A leopard gecko (D:1)
  3 bats
  A giant cockroach (D:1)
  2 goblins (D:1)
  2 hobgoblins (D:1)
  2 ball pythons (D:1)
  3 frilled lizards
  7 kobolds (D:1)
  2 rats (D:1)
26 creatures vanquished.

Notes
Turn   | Place    | Note
-------+----------+-------------------------------------------
     0 | D:1      | diana the Vine Stalker Enchanter began the quest for the
                  | Orb.
     0 | D:1      | Reached XP level 1. HP: 9/9 MP: 4/4
   244 | D:1      | Reached skill level 1 in Short Blades
   265 | D:1      | Reached XP level 2. HP: 10/14 MP: 6/6
   616 | D:1      | Reached XP level 3. HP: 10/17 MP: 7/7
   842 | D:2      | Reached skill level 1 in Fighting
   861 | D:2      | Succumbed to an adder's poison

Skill      XL: |  1  2  3 |
---------------+----------+-----
Short Blades   | 1 |  1.4
Fighting       | 1 |  1.0
Dodging        | 2 |  2.0
Armour         | |  0.8
Stealth        | |  3.9
Spellcasting   | |  2.1
Hexes          | |  3.0

Action                   || total
-------------------------++-------
Melee: Dagger            ||    51
       Bite              ||    13
       Short sword       ||    30
  Use: Potion            ||     1
 Stab: Sleeping          ||     4
Armor: Robe              ||    15
Dodge: Dodged            ||    61
